AoeStats
← chusmanu1991

Arabia

508033579Analyzed
1v1 RM · 11d ago on Sep 20, 2026· 47m 4s· 2 players
Game mode
Random Map
Map size
Tiny (2 player)
Population
200
Speed
Normal
Resources
Standard
Victory
Conquest
Starting age
Dark Age
Ending age
Imperial Age
RankedLock teamsTeams togetherTeam positionsShared explorationLock speedFull tech treeHidden civsTurbo modeCheats
Victory
Defeat
🇪🇸 Burgundians · Spain
678
+14
🇪🇸 Britons · Spain
640
-14
chusmanu1991
0:37 Loom
11:25 Feudal Age
11:46 Horse Collar
12:55 Double-Bit Axe
12:46 Man-at-Arms
16:12 Forging
20:16 Scale Mail Armor
22:28 Castle Age
21:19 Gold Mining
21:55 Stone Mining
22:23 Arson
23:42 Long Swordsman
27:31 Squires
27:50 Chain Mail Armor
29:12 Gambesons
30:17 Ballistics
29:38 Pikeman
32:56 Wheelbarrow
36:52 Fletching
37:38 Iron Casting
39:31 Bodkin Arrow
39:37 Padded Archer Armor
44:39 Imperial Age
44:17 Leather Archer Armor
45:16 Elite Longbowman
47:54 Chemistry
gonzribe
1:30 Loom
9:42 Feudal Age
8:39 Double-Bit Axe
9:49 Gold Mining
10:46 Bow Saw
12:29 Horse Collar
13:27 Gold Shaft Mining
19:15 Forging
24:02 Castle Age
22:46 Heavy Plow
23:33 Scale Mail Armor
23:40 Scale Barding Armor
24:17 Cavalier
26:13 Wheelbarrow
26:41 Two-Man Saw
26:15 Crop Rotation
25:53 Stone Mining
26:59 Town Watch
27:56 Husbandry
28:38 Hand Cart
33:08 Chain Barding Armor
38:17 Imperial Age
39:44 Conscription
39:38 Burgundian Vineyards
41:48 Chemistry
41:10 Ballistics
41:52 Paladin
43:43 Fletching
Connection lost

Rejoining the realm…

Still unreachable

The connection could not be restored.

Session expired

The server has moved on; the page needs a fresh start.